 Dungeon Crawl Stone Soup version 0.26-a0-259-g1effd001a9 (webtiles) character file.

Game seed: 10370435779004220674

809 raph the Digger (level 7, -4/36 HPs)
             Began as a Gargoyle Earth Elementalist on July 17, 2020.
             Was a Follower of Vehumet.
             Killed from afar by an orc wizard (10 damage)
             ... with a puff of flame
             ... on level 6 of the Dungeon.
             The game lasted 00:15:58 (6224 turns).

raph the Digger (Gargoyle Earth Elementalist)       Turns: 6224, Time: 00:15:59

Health: -4/36      AC: 14    Str: 11    XL:     7   Next: 92%
Magic:  2/11       EV: 27    Int: 18    God:    Vehumet [*.....]
Gold:   257        SH:  0    Dex: 10    Spells: 0/12 levels left

rFire    . . .     SeeInvis .   q - +2 dagger (venom)
rCold    + + .     Faith    .   (no shield)
rNeg     + . .     Spirit   .   v - +3 leather armour {rPois}
rPois    ∞         Reflect  .   i - +2 hat
rElec    +         Harm     .   (no cloak)
rCorr    .                      s - +0 pair of gloves
MR       .....                  (no boots)
Stlth    ++........             u - amulet of the acrobat
HPRegen  0.12/turn              g - ring of protection from cold
MPRegen  0.12/turn              x - ring of protection from cold

@: acrobat
A: negative energy resistance 1, electricity resistance, unbreathing,
petrification resistance, rot immunity, AC +4
a: Renounce Religion


You were on level 6 of the Dungeon.
You worshipped Vehumet.
Vehumet was aware of your devotion.
You were not hungry.

You visited 1 branch of the dungeon, and saw 6 of its levels.

You collected 257 gold pieces.

Inventory:

Hand Weapons
 a - a +0 hand axe
 l - a +0 dagger of venom
 q - a +2 dagger of venom (weapon)
Missiles
 b - 68 stones (quivered)
 h - 23 poisoned darts
 p - 5 boomerangs
 y - 7 atropa-tipped darts
Armour
 c - a +0 robe
 i - a +2 hat (worn)
 j - a +0 buckler
 s - a +0 pair of gloves (worn)
 v - a +3 leather armour of poison resistance (worn)
Jewellery
 g - a ring of protection from cold (left hand)
 o - an uncursed amulet of magic regeneration
 u - an amulet of the acrobat (around neck)
 x - a ring of protection from cold (right hand)
Scrolls
 d - 2 scrolls of identify
 k - 3 scrolls of magic mapping
 m - 5 scrolls of teleportation
 A - a scroll of enchant armour
Potions
 e - a potion of magic
 f - a potion of ambrosia {unknown}
 r - a potion of curing
 t - a potion of brilliance {unknown}
 w - a potion of lignification {unknown}
Comestibles
 n - 5 rations


   Skills:
 + Level 2.2 Armour
 + Level 3.0 Dodging
 - Level 2.1 Stealth
 - Level 3.3 Spellcasting
 + Level 4.6 Conjurations
 - Level 0.7 Transmutations
 + Level 7.4 Earth Magic


You couldn't memorise any spells.
You knew the following spells:

 Your Spells              Type           Power        Failure   Level
a - Sandblast             Erth           ####..       1%          1
b - Passwall              Tmut/Erth      ###.....     6%          2
c - Stone Arrow           Conj/Erth      ###...       5%          3
d - Magic Dart            Conj           ###.         3%          1
e - Lee's Rapid Deconstr  Erth           ####......   26%         5

Your spell library contained the following spells:

 Spells                   Type           Power        Failure   Level
 Petrify                  Tmut/Erth      ###.....     36%         4


Dungeon Overview and Level Annotations

Branches:
Dungeon (6/15)             Temple (0/1) D:4

Altars:
Nemelex Xobeh
Sif Muna
Trog
Vehumet
Xom
Zin
Lugonu

Portals:
Abyss: D:1


Innate Abilities, Weirdness & Mutations

You are resistant to torment.
Your stone body is resilient. (AC +4)
You are immune to poison.
You resist negative energy. (rN+)
You are resistant to electric shocks. (rElec)
You can survive without breathing.
You are immune to petrification.
You are immune to rotting.


Message History

The orc wizard shouts!
You barely miss the orc. The orc hits you but does no damage.
Casting: Sandblast (safe; 1% risk of failure)
Confirm with . or Enter, or press ? or * to list all spells.
Aiming: Sandblast (safe; 1% risk of failure)
Press: ? - help, Shift-Dir - straight line, f - orc
Aim: an orc, wielding a +0 mace The blast of sand hits the orc!
You kill the orc!
Vehumet accepts your kill.
b - 68 stones The orc priest hits you but does no damage.
The orc priest invokes the aid of Beogh against you.
Beogh smites you!
* * * LOW HITPOINT WARNING * * *
The orc wizard completely misses you.
The orc priest begins to cast a cantrip, but forgets the words!
The orc wizard gestures at you while chanting.
The puff of flame hits you!
You die...

##.....)..........oo....
#..............>.....c..
#.......................
#.......................
#............()###.....
#..............## ...
#.............).# .
#.<.........o.).#
##.........@...o.#
#.##(...........##
#####........####
###...#### #####


You could see an orc priest and an orc wizard.

Vanquished Creatures
  Eustachio (D:4)
  A centaur (D:6)
  A scorpion (D:4)
  A howler monkey (D:5)
  A hound (D:4)
  6 orc priests
  3 orc wizards (D:5)
  2 iguanas
  A worker ant (D:4)
  A hound skeleton (D:6)
  3 adders
  3 worms
  2 dart slugs (D:2)
  3 leopard geckos
  16 orcs
  2 giant cockroaches
  4 goblins
  10 hobgoblins
  7 jackals
  A quokka (D:5)
  7 bats
  2 frilled lizards
  10 kobolds
  5 rats
93 creatures vanquished.

Notes
Turn   | Place    | Note
-------+----------+-------------------------------------------
     0 | D:1      | raph the Gargoyle Earth Elementalist began the quest for
                  | the Orb.
     0 | D:1      | Reached XP level 1. HP: 10/10 MP: 3/3
   205 | D:1      | Reached skill level 4 in Earth Magic
   389 | D:1      | Reached XP level 2. HP: 15/15 MP: 3/5
   778 | D:1      | Learned a level 2 spell: Passwall
  1405 | D:1      | Found a corrupted altar of Lugonu.
  1405 | D:1      | Found a one-way gate to the infinite horrors of the Abyss.
  1405 | D:1      | Noticed a demonic crawler
  1405 | D:1      | Noticed a demonic crawler
  1405 | D:1      | Noticed a demonic crawler
  1405 | D:1      | Noticed a demonic crawler
  1406 | D:1      | Reached XP level 3. HP: 19/19 MP: 4/6
  1407 | D:1      | Noticed a demonic crawler
  1407 | D:1      | Noticed a demonic crawler
  1414 | D:1      | Reached skill level 5 in Earth Magic
  1660 | D:2      | Found a radiant altar of Vehumet.
  1872 | D:2      | Became a worshipper of Vehumet
  1877 | D:2      | Learned a level 3 spell: Stone Arrow
  1898 | D:2      | Found a bloodstained altar of Trog.
  2546 | D:2      | Reached skill level 1 in Conjurations
  2848 | D:2      | Reached XP level 4. HP: 22/24 MP: 7/7
  2854 | D:2      | Reached * piety under Vehumet
  2854 | D:2      | Offered knowledge of Magic Dart by Vehumet.
  2858 | D:2      | Learned a level 1 spell: Magic Dart
  2897 | D:2      | Found a sparkling altar of Nemelex Xobeh.
  3502 | D:3      | Reached XP level 5. HP: 5/28 MP: 4/9
  3766 | D:3      | Found a glowing silver altar of Zin.
  3984 | D:4      | Reached skill level 6 in Earth Magic
  4003 | D:4      | Noticed Eustachio
  4409 | D:4      | Reached XP level 6. HP: 32/32 MP: 10/10
  4590 | D:4      | Found a staircase to the Ecumenical Temple.
  4909 | D:4      | Killed Eustachio
  4909 | D:4      | Reached XP level 7. HP: 23/36 MP: 0/11
  5164 | D:5      | Entered Level 5 of the Dungeon
  5393 | D:5      | Found a shimmering blue altar of Sif Muna.
  5435 | D:5      | Found a shimmering altar of Xom.
  5520 | D:5      | Reached skill level 1 in Armour
  5520 | D:5      | Reached skill level 7 in Earth Magic
  5859 | D:5      | Got a crude war axe
  5860 | D:5      | Identified the cursed +0 war axe "Orb Guardian's Death"
                  | {vorpal, MP-9 Str+7} (You found it on level 5 of the
                  | Dungeon)
  6024 | D:5      | Learned a level 5 spell: Lee's Rapid Deconstruction
  6224 | D:6      | Killed from afar by an orc wizard

Illustrated notes

Levels and vault maps discovered:
D:1:      erik_arrival_cave_to_civilisation [erik_arrival_cave_to_temple],
          layout_basic
D:2:      layout_rooms, lemuel_crystal_altar, vehumet_crystals,
          nemelex_diamond_rough_becter
D:3:      minmay_spotlight, layout_loops_ring, zin_statuary,
          lemuel_crystal_altar
D:4:      layout_cave_pods, minmay_temple_entry_tees, first_ration,
          uniq_eustachio
D:5:      layout_gridville, kennysheep_mini, basic_altar
D:6:      layout_cave_pods, makhleb_altar_promises_db, serial_shops, shop

Skill      XL: |  1  2  3  4  5  6  7 |
---------------+----------------------+-----
Earth Magic    | 4 5 6 7 |  7.4
Conjurations   | 1 2 3 4 |  4.6
Spellcasting   | 3 |  3.3
Dodging        | 2 3 |  3.0
Armour         | 2 |  2.2
Stealth        | |  2.1
Transmutations | |  0.7

Action                   |  1- 3 |  4- 6 |  7- 9 || total
-------------------------+-------+-------+-------++-------
Melee: Unarmed           |     8 |       |       ||     8
       Hand axe          |    27 |       |       ||    27
       Dagger            |    88 |   107 |    55 ||   250
Throw: Dart              |       |     2 |       ||     2
 Cast: Sandblast         |    18 |    11 |     5 ||    34
       Stone Arrow       |       |     8 |    11 ||    19
  Use: Scroll            |     6 |     4 |     1 ||    11
       Potion            |       |     2 |       ||     2
 Stab: Distracted        |     1 |       |       ||     1
       Sleeping          |       |     5 |     1 ||     6
  Eat: Ration            |     2 |     2 |     1 ||     5
Armor: Robe              |    66 |    51 |       ||   117
       Leather armour    |       |       |    33 ||    33
Dodge: Dodged            |   110 |    78 |    26 ||   214

Table legend:
 A = Non-vault XP
 B = Vault XP
 C = Vault XP percentage of total XP
 D = Non-vault monster count
 E = Vault monster count
 F = Vault count percentage of total count
                 A         B        C        D         E       F
            +---------+---------+-------+---------+---------+-------
      Total |     953 |     203 |  17.6 |      88 |       5 |   5.4
            +---------+---------+-------+---------+---------+-------
        D:1 |      32 |       4 |  11.1 |      20 |       2 |   9.1
        D:2 |      52 |       0 |   0.0 |      24 |       0 |   0.0
        D:3 |     129 |       3 |   2.3 |      15 |       2 |  11.8
        D:4 |     254 |     196 |  43.6 |      14 |       1 |   6.7
        D:5 |     310 |       0 |   0.0 |      10 |       0 |   0.0
        D:6 |     176 |       0 |   0.0 |       5 |       0 |   0.0
            +---------+---------+-------+---------+---------+-------
